 Dungeon Crawl Stone Soup version 0.21-a0-625-g1119ec1 (webtiles) character file.

48 4thArraOfDagon the Digger (level 3, -2/24 HPs)
             Began as a Barachi Earth Elementalist on Dec 24, 2017.
             Slain by a hobgoblin
             ... wielding a +0 club
              (6 damage)
             ... on level 3 of the Dungeon.
             The game lasted 00:03:26 (789 turns).

4thArraOfDagon the Digger (BaEE)                     Turns: 789, Time: 00:03:27

Health: -2/24      AC:  2    Str:  9    XL:     3   Next: 72%
Magic:  4/7        EV: 12    Int: 16    God:
Gold:   78         SH:  3    Dex: 12    Spells: 6/7 levels left

rFire    . . .     SeeInvis .   p - +0 short sword (venom)
rCold    . . .     Gourm    .   (no shield)
rNeg     . . .     Faith    .   c - +0 robe
rPois    .         Spirit   .   (no helmet)
rElec    .         Reflect  +   (no cloak)
rCorr    .         Harm     .   (no gloves)
MR       .....                  (no boots)
Stlth    ++........             j - +3 amulet of reflection
HPRegen  0.08/turn              (no ring)
MPRegen  0.10/turn              (no ring)

@: very slightly contaminated, slow
A: +LOS, swims, slowness 1, strong legs 1
a: Hop


You were on level 3 of the Dungeon.
You were not hungry.

You visited 1 branch of the dungeon, and saw 3 of its levels.

You collected 78 gold pieces.

Inventory:

Hand Weapons
 g - a +0 spear
 p - a +0 short sword of venom (weapon)
Missiles
 b - 80 stones (quivered)
Armour
 c - a +0 robe (worn)
Jewellery
 j - a +3 amulet of reflection (around neck)
Wands
 m - a wand of disintegration (17)
Scrolls
 a - a scroll of fog {unknown}
 f - 2 scrolls of identify {unknown}
 h - a scroll of noise {unknown}
 i - a scroll of teleportation {unknown}
Potions
 k - a potion of agility {unknown}
 l - a potion of magic {unknown}
 n - a potion of haste {unknown}
 o - 2 potions of curing {unknown}
Books
 e - a book of Geomancy

   Spells                             Type                      Level
   a - Sandblast                      Earth                        1
   b - Passwall                       Transmutation/Earth          2
   c - Stone Arrow                    Conjuration/Earth            3
   d - Petrify                        Transmutation/Earth          4
   e - Lee's Rapid Deconstruction     Earth                        5
Comestibles
 d - 6 rations


   Skills:
 - Level 2.1 Dodging
 - Level 1.7 Stealth
 + Level 2.9 Spellcasting
   Level 1.1 Transmutations
 * Level 4.1 Earth Magic


You had 6 spell levels left.
You knew the following spells:

 Your Spells              Type           Power        Failure   Level  Hunger
a - Sandblast             Erth           ###...       3%          1    #......


Dungeon Overview and Level Annotations

Branches:
Dungeon (3/15)

Altars:


Innate Abilities, Weirdness & Mutations

Shadows flee at your approach. (+LOS)
You can swim through water.
You cover ground slowly.
You can hop short distances.


Message History

You are very lightly contaminated with residual magic.
Nothing appears to happen.
The hobgoblin closely misses you.
Casting: Sandblast
Confirm with . or Enter, or press ? or * to list all spells.
Aiming: Sandblast
Press: ? - help, Shift-Dir - straight line, f/p - hobgoblin
Aim: a hobgoblin, wielding a club The blast of sand misses the hobgoblin.
b - 81 stones The hobgoblin hits you with a club.
* * * LOW HITPOINT WARNING * * *
Casting: Sandblast
Confirm with . or Enter, or press ? or * to list all spells.
Aiming: Sandblast
Press: ? - help, Shift-Dir - straight line, f/p - hobgoblin
Aim: a hobgoblin, wielding a club The blast of sand misses the hobgoblin.
b - 80 stones The hobgoblin hits you with a club.
You die...

.... # #... .#
#... #.## ...#
##...### ...
........ ..
........ #.
........
#.#.##......$#
#...@g..(.....
###.#♣≈≈≈♣≈≈♣♣
♣♣ ♣≈≈P♣
≈≈≈≈≈P ≈≈≈≈≈≈
≈≈≈P≈♣ ≈≈≈≈≈
≈≈≈≈≈ ≈≈≈≈


You could see a hobgoblin.

Vanquished Creatures
  An adder (D:2)
  An ooze (D:1)
  A dart slug (D:1)
  A leopard gecko (D:2)
  2 giant cockroaches
  5 goblins
  3 hobgoblins
  3 kobolds (D:1)
  8 bats
  3 frilled lizards
  4 rats (D:1)
32 creatures vanquished.

Notes
Turn   | Place    | Note
-------+----------+-------------------------------------------
     0 | D:1      | 4thArraOfDagon the Barachi Earth Elementalist began the quest for the Orb.
     0 | D:1      | Reached XP level 1. HP: 13/13 MP: 3/3
    99 | D:1      | Reached XP level 2. HP: 19/19 MP: 3/5
   382 | D:2      | Reached XP level 3. HP: 24/24 MP: 2/7
   548 | D:2      | Reached skill level 4 in Earth Magic
   789 | D:3      | Slain by a hobgoblin

Vault maps used:
D:1:      minmay_arrival_stair_chambers
D:2:      first_ration, minmay_misc_feat_tower, due_unseen_surprise
D:3:      cheibrodos_old_hovel, chequers_ecumenical_altar_simple_redux,
          minivault_24, small_statue_intersection, serial_bayou_lake_a

Skill      XL: |  1  2  3 |
---------------+----------+-----
Earth Magic    | 4 |  4.1
Dodging        | |  2.1
Stealth        | |  1.7
Spellcasting   | |  2.9
Transmutations | |  1.1

Action                   || total
-------------------------++-------
Melee: Spear             ||    62
       Short sword       ||    30
 Cast: Sandblast         ||    15
 Stab: Sleeping          ||     4
Armor: Robe              ||    18
Dodge: Dodged            ||    62
Block: Other             ||     3
       Reflection        ||     1

Table legend:
 A = Spawn XP
 B = Non-spawn XP
 C = Spawn XP percentage of total XP
 D = Spawn monster count
 E = Non-spawn monster count
 F = Spawn count percentage of total count
 G = Total turns spent on level
                    A         B        C        D         E        F      G
               +---------+---------+-------+---------+---------+-------+---------
         Total |       0 |      69 |   0.0 |       0 |      32 |   0.0 |   789
               +---------+---------+-------+---------+---------+-------+---------
           D:1 |       0 |      37 |   0.0 |       0 |      19 |   0.0 |   486
           D:2 |       0 |      31 |   0.0 |       0 |      12 |   0.0 |   290
           D:3 |       0 |       1 |   0.0 |       0 |       1 |   0.0 |    13
               +---------+---------+-------+---------+---------+-------+---------
